woodfighter, chaotic female orcish Cavewoman -------------- |...Z......... |..@!........| |............+ ------------ - woodfighter the Young Cave Woman Experience level: 6 Strength: 18/01 Dexterity: 13 Constitution: 16 Intelligence: 12 Wisdom: 9 Charisma: 14 Health: 0(53) Energy: 15(15) Def: 2 Gold: 27 Moves: 3322 Dungeon seed: dU6x10gs0qcKTCgs Game ID: woodfighter_1500837147 Your Inventory: Coins $ - 27 gold pieces Amulets p - a cursed amulet versus poison Weapons a - a +1 club (weapon in hand) b - a +2 sling (alternate weapon; not wielded) Armor q - an uncursed +0 leather armor (being worn) y - an uncursed +0 mummy wrapping z - an uncursed +0 alchemy smock Comestibles c - 4 uncursed food rations h - an uncursed lichen corpse l - a cursed sprig of wolfsbane B - an uncursed sprig of wolfsbane W - a cursed cream pie X - 3 cursed food rations Z - 4 cursed lembas wafers Rings u - an uncursed ring of slow digestion Wands m - a cursed wand of make invisible (0:6) n - a wand of striking (0:7) o - a wand of nothing (0:7) s - a wand of enlightenment (0:14) w - a wand of undead turning (0:5) A - a wand of enlightenment (0:12) C - a wand of digging (0:8) F - a wand of striking (0:4) Q - a cursed wand of light (0:14) S - a cursed wand of enlightenment (0:11) Tools j - a bag of tricks (0:16) I - a bag of tricks (0:16) Gems e - 13 uncursed flints (in quiver) r - an uncursed touchstone Spells and supernatural/magical abilities: Name Level Category Fail Memory W - pray for help -- divine ? -- Your skills at the end: Miscellaneous Skills bare handed combat [Basic] Weapon Skills scimitar [Basic] club [Basic] sling [Basic] Spellcasting Skills Final Attributes: You were piously aligned. You were poison resistant. You were telepathic. You had infravision. You were very stealthy. You are dead. Vanquished creatures: a ghost a rock piercer a shrieker a kobold mummy an elf zombie a ghoul 2 floating eyes a kitten a kobold lord an iguana a hill orc 6 rothes a jitterbug 2 giant bats a dwarf zombie a gas spore 4 hobbits 2 geckos a yellow mold a red mold a gnome 5 jackals a fox a kobold 9 newts a goblin 3 sewer rats 3 grid bugs 7 lichens 62 creatures vanquished. Voluntary challenges: You did not adorn yourself with jewelry or accessories. You did not cause conflict. You were not invisible. You did not have reflection. You were not displaced. You used a wielded weapon 86 times, starting on turn 20. You did not use tools. You did not use plumbed fixtures. You did not drink any magical draughts. You were illiterate. You never genocided any monsters. You never polymorphed an object. You never changed form. You used no wishes. You never split a pudding. You never wrote Elbereth's name. You never violated your personal moral code. Dungeon overview: The Dungeons of Doom: levels 1 to 9 Level 1 some altars to Anu and Ishtar a long staircase Level 2 a fountain Level 3 some fountains Level 4 stairs to The Gnomish Mines Level 5 an altar to Ishtar, some fountains Level 6 Level 7 (locked) a sink Level 8 many fountains Level 9 <- You were here The Gnomish Mines: Level 5 stairs to The Dungeons of Doom History has recorded: On T:1 you entered the Dungeons of Doom to retrieve the Amulet of Yendor! On T:243 you advanced to experience level 2. On T:340 you reached level 2 of The Dungeons of Doom. On T:364 you reached level 3 of The Dungeons of Doom. On T:748 you advanced to experience level 3. On T:1169 you reached level 4 of The Dungeons of Doom. On T:1191 you advanced to experience level 4. On T:1373 you reached level 1 of The Gnomish Mines. On T:1591 you reached level 5 of The Dungeons of Doom. On T:1737 you advanced to experience level 5. On T:1784 you reached level 6 of The Dungeons of Doom. On T:2007 you reached level 8 of The Dungeons of Doom. On T:2151 you reached level 7 of The Dungeons of Doom. On T:2976 you advanced to experience level 6. On T:3067 you reached level 9 of The Dungeons of Doom. Score breakdown: Gold: 27 ( 2 points) Experience: 6 levels ( 500 points) Exploration: 9 levels ( 240 points) Discoveries: 12 items ( 600 points) Variety of kills: 29 monsters ( 1450 points) Major goal: (nothing yet) ( 0 points) Survival: died (score multiplied by 3) Total score: 8376 Latest messages: You stop exploring. The rothe claws you! The rothe bites! (2x) You hit the rothe! The rothe claws you! The rothe bites! (2x) You kill the rothe! You see here a rothe corpse. This rothe corpse tastes terrible! You finish eating the rothe corpse. Nowhere else around here can be automatically explored. (2x) Where do you want to travel to? You see here a statue of a plains centaur. There is a grave here. Something is engraved here on the headstone. You read: "woodfighter, killed by a rothe". There are several objects here. There is a staircase up here. There are many objects here. $ - 27 gold pieces. You hit the ghoul! (2x) The ghoul scratches you! You are frozen by the ghoul! The ghoul scratches you! (9x) You die... Final status: Goodbye woodfighter the Cavewoman, killed by a ghoul, while paralyzed by a monster's touch... You died in The Dungeons of Doom on dungeon level 9 with 8376 points, and 27 pieces of gold, after 3322 moves. You were level 6 with a maximum of 53 hit points when you died.